 Dungeon Crawl Stone Soup version 0.26-a0-662-g8b9c6dab81 (webtiles) character file.

Game seed: 10957953043216045981

26770 flotson the Thaumaturge (level 13, -9/109 HPs)
             Began as a Palentonga Conjurer on Oct 8, 2020.
             Was a High Priest of Fedhas.
             Mangled by a boulder beetle (22 damage)
             ... on level 3 of the Lair of Beasts on Oct 9, 2020.
             The game lasted 01:10:48 (21527 turns).

flotson the Thaumaturge (Palentonga Conjurer)      Turns: 21527, Time: 01:10:48

Health: -9/109     AC: 14    Str: 19    XL:     13   Next: 0%
Magic:  3/29       EV: 15    Int: 22    God:    Fedhas [*****.]
Gold:   445        SH:  0    Dex:  8    Spells: 3/36 levels left

rFire    . . .     SeeInvis +   a - +2 broad axe (vorpal)
rCold    . . .     Faith    +   (no shield)
rNeg     . . .     Spirit   .   i - +0 robe
rPois    +         Reflect  .   O - +4 helmet "Eguru" {rPois Str+3 Int+3}
rElec    .         Harm     .   F - +0 cloak
rCorr    .         Rampage  .   (no gloves)
MR       .....                  (no barding)
Stlth    ++........             u - amulet of faith
HPRegen  0.28/turn              H - +4 ring of protection
MPRegen  0.21/turn              M - +4 ring of evasion

@: no status effects
A: large, rugged brown scales 3, see invisible, deformed body, roll, armoured
tail
a: Rolling Charge, Wall of Briars, Grow Ballistomycete, Overgrow, Grow Oklob,
Renounce Religion


You were on level 3 of the Lair of Beasts.
You worshipped Fedhas.
Fedhas was extremely pleased with you.
You visited 2 branches of the dungeon, and saw 14 of its levels.
You also visited: Ossuary.

You collected 1069 gold pieces.
You spent 624 gold pieces at shops.

Inventory:

Hand Weapons
 a - a +2 vorpal broad axe (weapon)
Missiles
 l - 57 poisoned darts (quivered)
 A - 2 atropa-tipped darts
Armour
 i - a +0 robe (worn)
 F - a +0 cloak (worn)
 O - the +4 helmet "Eguru" (worn) {rPois Str+3 Int+3}
   (You found it on level 11 of the Dungeon)

   It affects your strength (+3).
   It affects your intelligence (+3).
   It protects you from poison.
Jewellery
 j - an uncursed amulet of regeneration {unknown}
 k - an uncursed amulet of guardian spirit {unknown}
 t - an uncursed ring of magical power
 u - an amulet of faith (around neck)
 H - a +4 ring of protection (left hand)
 M - a +4 ring of evasion (right hand)
 Q - an uncursed ring of wizardry
Wands
 f - a wand of flame (17)
 G - a wand of acid (9)
 I - a wand of iceblast (18)
 P - a wand of random effects (17)
Scrolls
 h - 8 scrolls of teleportation
 m - 7 scrolls of remove curse
 n - a scroll of enchant weapon
 o - 7 scrolls of amnesia
 r - 4 scrolls of immolation
 w - 3 scrolls of enchant armour
 y - 2 scrolls of vulnerability
 B - 2 scrolls of fear
 D - 4 scrolls of blinking
 J - a scroll of summoning {unknown}
Potions
 b - 8 potions of curing
 c - a potion of berserk rage
 d - 4 potions of mutation
 e - 3 potions of invisibility
 g - 13 potions of ambrosia
 p - 3 potions of heal wounds
 q - a potion of lignification
 s - 2 potions of stabbing
 v - 3 potions of magic
 z - a potion of brilliance
 C - 4 potions of haste
 E - 2 potions of flight
 R - a potion of might {unknown}


   Skills:
 + Level 5.9 Fighting
 + Level 3.1 Axes
 - Level 2.0 Throwing
 + Level 4.7 Armour
 + Level 5.6 Dodging
 - Level 2.0 Stealth
 - Level 4.0 Unarmed Combat
 + Level 12.4 Spellcasting
 + Level 10.5 Conjurations
 - Level 1.0 Hexes
 + Level 3.1 Summonings
 - Level 1.0 Translocations
 + Level 6.0 Invocations
 + Level 4.8 Evocations


You had 3 spell levels left.
You knew the following spells:

 Your Spells              Type           Power        Failure   Level
a - Magic Dart            Conj           ####         1%          1
b - Searing Ray           Conj           ######       1%          2
c - Dazzling Flash        Conj/Hex       #####.       1%          3
d - Fulminant Prism       Conj/Hex       #####.....   4%          4
e - Iskenderun's Mystic   Conj/Tloc      #####...     4%          4
f - Iskenderun's Battles  Conj           ######..     1%          5
g - Orb of Destruction    Conj           ######....   47%         7
h - Spellforged Servitor  Conj/Summ      #####.....   94%         7

Your spell library contained the following spells:

 Spells                   Type           Power        Failure   Level
 Foxfire                  Conj/Fire      ####         1%          1
 Summon Small Mammal      Summ           ####         1%          1
 Call Imp                 Summ           ####....     1%          2
 Conjure Flame            Conj/Fire      #####...     1%          3
 Corona                   Hex            ###....      3%          1
 Mephitic Cloud           Conj/Pois/Air  ####....     3%          3
 Blink                    Tloc           N/A          4%          2
 Slow                     Hex            ###.....     4%          2
 Call Canine Familiar     Summ           ####....     4%          3
 Ensorcelled Hibernation  Hex/Ice        ###...       6%          2
 Summon Guardian Golem    Hex/Summ       ###.....     6%          3
 Confusing Touch          Hex            ###.....     10%         3
 Tukima's Dance           Hex            ###.....     10%         3
 Inner Flame              Hex/Fire       ###.....     12%         3
 Sticky Flame             Conj/Fire      #####...     5%          4
 Fireball                 Conj/Fire      #####.....   16%         5
 Summon Ice Beast         Ice/Summ       ###.....     26%         4
 Summon Lightning Spire   Summ/Air       ###.....     26%         4
 Cause Fear               Hex            ###.......   30%         4
 Bolt of Magma            Conj/Fire/Erth ####......   30%         5
 Iron Shot                Conj/Erth      #####.....   63%         6
 Silence                  Hex/Air        ###.......   71%         5
 Yara's Violent Unravell  Hex/Tmut       ###.......   71%         5
 Discord                  Hex            ###.......   100%        8


Dungeon Overview and Level Annotations

Branches:
Dungeon (11/15)            Temple (0/1) D:7            Lair (3/6) D:8
 Shoals (0/4) Lair:2      Ossuary (visited)
  Snake: Lair:2-4    Spider: Lair:2-4       Orc: D:9-12

Altars:
Ashenzari
Fedhas
Gozag
Hepliaklqana
Kikubaaqudgha
Sif Muna
Uskayaw
Vehumet
Xom
The Shining One

Shops:
D:9 ?


Innate Abilities, Weirdness & Mutations

You are completely covered in rugged brown scales. (AC +3, +7% HP)
You have supernaturally acute eyesight. (SInv)
Armour fits poorly on your strangely shaped body.
You can roll at foes to attack.
You have a long armoured tail.


Message History

* * * LOW HITPOINT WARNING * * *
The boulder beetle stops rolling and uncurls.
You feel much better. The boulder beetle bites you!!
* * * LOW HITPOINT WARNING * * *
The boulder beetle looks more healthy.
You see here a curare-tipped dart.
L - a curare-tipped dart The boulder beetle bites you.
* * * LOW HITPOINT WARNING * * *
Throwing (i - inventory. (/) - cycle)
L - a curare-tipped dart (quivered)
Press: ? - help, Shift-Dir - straight line, f/p - boulder beetle
Aim: a boulder beetle (heavily wounded)
You throw a curare-tipped dart.
The curare-tipped dart hits the boulder beetle.
The boulder beetle is poisoned.
The boulder beetle convulses.
The boulder beetle seems to slow down.
The boulder beetle is heavily wounded.
The boulder beetle bites you!!
You die...
Fedhas appreciates your contribution to the ecosystem.

##.#.........
#..(........#
####........(#.
#.#..........##
#...........##
#####.*.......###
#..#.........##
#..(........#.#
##@B.......####
#........##
#..)......#
#..........##
############


You could see a boulder beetle (very poisoned, slow) and a friendly
battlesphere.

Vanquished Creatures
  Snorg (Lair:3)
  A hydra (D:11)
  A centaur warrior (D:11)
  A two-headed ogre (D:8)
  Sonja (D:11)
  An unseen horror (D:10)
  Pikel (D:7)
  2 ugly things (D:11)
  A cyclops (D:11)
  A deep elf mage (D:11)
  A manticore (D:11)
  3 black mambas (Lair:2)
  Joseph (D:7)
  7 cane toads
  A gargoyle (D:10)
  A rime drake (Lair:2)
  2 komodo dragons (Lair:3)
  A yaktaur (D:11)
  A troll (D:10)
  A queen bee (D:9)
  13 blink frogs
  A polar bear (Lair:2)
  2 hornets
  Grinder (D:6)
  The ghost of davenfal the Cudgeler, an amateur GrGl (D:4)
  4 wyverns
  16 yaks
  3 basilisks
  A wraith (D:10)
  A vampire mosquito (D:11)
  4 water moccasins
  4 orc warriors
  2 sky beasts
  2 black bears
  A phantom (D:6)
  2 ice beasts (D:9)
  2 ogres
  5 wolves (Lair:3)
  2 centaurs
  A lemure (D:7)
  2 big kobolds
  11 bullfrogs
  2 scorpions
  29 killer bees
  5 wights
  A howler monkey (D:7)
  2 bullfrog zombies
  10 orc priests
  3 centaur zombies
  5 jellies
  8 hounds
  4 bullfrog skeletons
  A centaur skeleton (D:5)
  3 iguanas
  7 orc wizards
  12 worker ants
  2 big kobold zombies (Ossuary)
  A hound zombie (D:5)
  A hound skeleton (D:11)
  2 mummies (Ossuary)
  2 worker ant zombies
  6 adders
  7 shadow imps
  6 white imps
  4 ufetubi
  An ooze (D:2)
  2 adder skeletons
  2 adder zombies
  3 worms
  A dart slug (D:2)
  10 leopard geckos
  39 orcs
  A ball python (D:5)
  2 giant cockroaches
  6 goblins
  10 hobgoblins
  2 jackals (D:10)
  13 kobolds
  7 quokkas
  5 bats
  5 frilled lizards
  A goblin zombie (Ossuary)
  8 hobgoblin zombies (Ossuary)
  A jackal skeleton (D:4)
  2 jackal zombies
  10 kobold zombies (Ossuary)
  11 orc zombies (Ossuary)
  A quokka skeleton (D:5)
  A quokka zombie (D:5)
  9 rats
  A fulminant prism (D:8)
388 creatures vanquished.

Vanquished Creatures (others)
  37 fulminant prisms
  21 fungi
  36 plants
94 creatures vanquished.

Grand Total: 482 creatures vanquished

Notes
Turn   | Place    | Note
-------+----------+-------------------------------------------
     0 | D:1      | flotson the Palentonga Conjurer began the quest for the
                  | Orb.
     0 | D:1      | Reached XP level 1. HP: 14/14 MP: 3/3
   392 | D:1      | Reached XP level 2. HP: 20/21 MP: 0/5
   396 | D:1      | Learned a level 2 spell: Searing Ray
  1283 | D:2      | Reached XP level 3. HP: 27/27 MP: 1/6
  1288 | D:2      | Learned a level 3 spell: Dazzling Flash
  1413 | D:2      | You fall into a shaft and drop 1 floor!
  1422 | D:3      | Found a broken altar of Ashenzari.
  2070 | D:3      | Reached skill level 3 in Spellcasting
  2070 | D:3      | Reached XP level 4. HP: 28/35 MP: 0/8
  2585 | D:3      | Reached XP level 5. HP: 39/40 MP: 2/9
  2767 | D:3      | Found a hazy altar of Hepliaklqana.
  3825 | D:4      | Learned a level 4 spell: Fulminant Prism
  3913 | D:4      | Found a runed translucent door.
  3927 | D:4      | Found a transporter.
  4030 | D:4      | Noticed davenfal's ghost (amateur GrGl)
  4039 | D:4      | Found a sand-covered staircase.
  4054 | Ossuary  | Entered an ossuary
  4331 | Ossuary  | Reached XP level 6. HP: 43/49 MP: 10/11
  4477 | Ossuary  | Reached skill level 4 in Spellcasting
  4568 | Ossuary  | Reached skill level 5 in Conjurations
  4719 | Ossuary  | Reached skill level 1 in Fighting
  5052 | D:4      | Reached skill level 1 in Throwing
  5190 | D:4      | Found a transporter.
  5400 | D:4      | Reached XP level 7. HP: 55/55 MP: 13/13
  5695 | D:4      | Learned a level 4 spell: Iskenderun's Mystic Blast
  5750 | D:4      | Reached skill level 5 in Spellcasting
  5932 | D:5      | Entered Level 5 of the Dungeon
  6020 | D:5      | Reached skill level 1 in Unarmed Combat
  6118 | D:5      | Reached skill level 12 in Spellcasting
  6118 | D:5      | Reached XP level 8. HP: 63/63 MP: 21/24
  6120 | D:5      | Reached skill level 10 in Conjurations
  6120 | D:5      | Reached XP level 9. HP: 68/68 MP: 22/25
  7086 | D:6      | Found a radiant altar of Vehumet.
  7272 | D:6      | Found an ancient bone altar of Kikubaaqudgha.
  7501 | D:6      | Found a blossoming altar of Fedhas.
  7505 | D:6      | Found a shimmering altar of Xom.
  7505 | D:6      | Found a broken altar of Ashenzari.
  7506 | D:6      | Found a shimmering blue altar of Sif Muna.
  7509 | D:6      | Became a worshipper of Fedhas Madash
  7694 | D:6      | Reached skill level 1 in Hexes
  7853 | D:6      | Reached skill level 1 in Translocations
  7957 | D:6      | Noticed Grinder
  7963 | D:6      | Paralysed by Grinder for 2 turns
  7966 | D:6      | Killed Grinder
  8348 | D:4      | Killed davenfal's ghost
  8348 | D:4      | Reached XP level 10. HP: 78/78 MP: 22/26
  8403 | D:4      | Reached skill level 1 in Armour
  8678 | D:6      | Reached * piety under Fedhas
  9015 | D:7      | Noticed Joseph
  9266 | D:7      | Killed Joseph
  9746 | D:7      | Noticed Pikel
  9783 | D:7      | Killed Pikel
  9985 | D:7      | Found a staircase to the Ecumenical Temple.
 10383 | D:7      | Reached skill level 1 in Invocations
 10650 | D:7      | Upgraded the game from 0.26-a0-661-g406de6ba63 to
                  | 0.26-a0-662-g8b9c6dab81
 10663 | D:7      | Reached ** piety under Fedhas
 10760 | D:8      | Reached skill level 1 in Evocations
 10885 | D:8      | Found a staircase to the Lair.
 11334 | D:8      | Found a glowing golden altar of the Shining One.
 11529 | D:8      | Noticed a two-headed ogre
 11557 | D:8      | Killed a two-headed ogre
 12218 | D:9      | Found a hide-covered altar of Uskayaw.
 12252 | D:9      | Reached XP level 11. HP: 52/87 MP: 15/27
 12551 | D:9      | Reached *** piety under Fedhas
 13279 | D:9      | Reached **** piety under Fedhas
 13605 | D:9      | Found Siusost's Magic Scroll Emporium.
 13755 | D:9      | Bought a scroll of acquirement for 624 gold pieces
 13755 | D:9      | Acquired a book of Power
 13763 | D:9      | Learned a level 5 spell: Iskenderun's Battlesphere
 13771 | D:9      | Learned a level 7 spell: Orb of Destruction
 13779 | D:9      | Learned a level 7 spell: Spellforged Servitor
 14030 | D:10     | Entered Level 10 of the Dungeon
 14345 | D:10     | Found an opulent altar of Gozag.
 14759 | D:10     | Noticed an unseen horror
 14764 | D:10     | Killed an unseen horror
 14930 | D:10     | Got a jewelled whip
 14931 | D:10     | Identified the cursed +0 whip of Beogh's Hatred {drain,
                  | rF+++} (You found it on level 10 of the Dungeon)
 15175 | D:11     | Noticed Sonja
 15179 | D:11     | Killed Sonja
 15483 | D:11     | Noticed a cyan ugly thing
 15491 | D:11     | Killed a cyan ugly thing
 15872 | D:11     | Reached skill level 1 in Summonings
 16513 | D:11     | Noticed a centaur warrior
 16523 | D:11     | Killed a centaur warrior
 16541 | D:11     | Noticed a brown ugly thing
 16551 | D:11     | Killed a brown ugly thing
 16551 | D:11     | Reached ***** piety under Fedhas
 16601 | D:11     | Noticed a deep elf mage
 16604 | D:11     | Noticed a sun demon
 16833 | D:11     | Killed a deep elf mage
 16833 | D:11     | Reached skill level 5 in Invocations
 16833 | D:11     | Reached XP level 12. HP: 77/99 MP: 25/28
 16852 | D:11     | Reached skill level 5 in Fighting
 16852 | D:11     | Reached skill level 1 in Axes
 16970 | D:11     | Got a steaming helmet
 16985 | D:11     | Identified the +4 helmet "Eguru" {rPois Str+3 Int+3} (You
                  | found it on level 11 of the Dungeon)
 17141 | D:11     | Noticed an eight-headed hydra
 17145 | D:11     | Killed an eight-headed hydra
 17145 | D:11     | Reached skill level 5 in Dodging
 17289 | D:11     | Got an ichor-stained rapier
 17290 | D:11     | Identified the +2 rapier "Ybekkuin" {drain, rElec rN+
                  | Dex+2} (You found it on level 11 of the Dungeon)
 17555 | Lair:1   | Entered Level 1 of the Lair of Beasts
 17956 | Lair:1   | You fall into a shaft and drop 1 floor!
 19287 | Lair:2   | You fall into a shaft and drop 1 floor!
 19885 | Lair:3   | Noticed a boulder beetle
 20778 | Lair:2   | Found a staircase to the Shoals.
 21461 | Lair:3   | Noticed Snorg
 21483 | Lair:3   | Killed Snorg
 21504 | Lair:3   | Reached XP level 13. HP: 52/109 MP: 2/29
 21527 | Lair:3   | Mangled by a boulder beetle

Illustrated notes

Levels and vault maps discovered:
D:1:      dpeg_arrival_lava_temple_mockup, layout_loops_ring
D:2:      layout_loops_ring, serial_bayou_pond_a, guppyfry_early_orc_mine
D:3:      cheibrodos_thug_alley, layout_rooms, lemuel_doored_altar,
          ashenzari_altar_1
D:4:      gammafunk_wand_slinger, layout_loops_corners,
          ebering_ghost_reflecting_pool, nicolae_ossuary_entry_ruins
D:5:      layout_basic, hex_intersection
D:6:      layout_loops_corners, kennysheep_mini_moat,
          grunt_temple_overflow_open, basic_altar, nrook_mini_vaults,
          grunt_tough_drop, uniq_grinder
D:7:      layout_basic, minmay_temple_entry_butterflies, uniq_joseph, uniq_pikel
D:8:      layout_loops_ring, nicolae_tso_swordbearing_angel, dpeg_oklobed_lair
D:9:      layout_basic, lemuel_round_altar, special_room [special_room_bee],
          serial_shops, nicolae_shop_waterfront
D:10:     layout_loops_cross, nicolae_gozag_seed_capital
D:11:     minmay_the_grid_triangle_9x9_rhombus_thin
          [minmay_the_grid_triangle_9x9_corrupted_corridor,
          minmay_the_grid_triangle_9x9_prize_schism,
          minmay_the_grid_triangle_9x9_cache,
          minmay_the_grid_triangle_9x9_sprig], layout_loops_cross, uniq_sonja
Lair:1:   layout_regular_city, lemuel_fruit_tree
Lair:2:   layout_loops_ring, shoals_dummy_entry,
          nicolae_volcano_entry_lava_flow, special_room, grunt_megastairs_2
Lair:3:   layout_hall_layers, portal_ice_cave_entry_imps, grunt_megastairs_1,
          infiniplex_staircase_pool, uniq_snorg

Skill      XL: |  1  2  3  4  5  6  7  8  9 10 11 12 |
---------------+-------------------------------------+-----
Conjurations   | 4 5 10 | 10.5
Spellcasting   | 3 4 12 | 12.4
Dodging        | 2 3 4 5 |  5.6
Fighting       | 1 3 4 5 |  5.9
Throwing       | 1 2 |  2.0
Stealth        | 2 |  2.0
Unarmed Combat | 1 3 4 |  4.0
Hexes          | 1 |  1.0
Translocations | 1 |  1.0
Armour         | 2 3 4 |  4.7
Invocations    | 2 5 6 |  6.0
Evocations     | 2 3 4 |  4.8
Summonings     | 1 3 |  3.1
Axes           | 3 |  3.1

Action                   |  1- 3 |  4- 6 |  7- 9 | 10-12 | 13-15 || total
-------------------------+-------+-------+-------+-------+-------++-------
Melee: Unarmed           |     5 |    36 |       |       |       ||    41
       Tailslap          |     1 |       |       |     2 |       ||     3
       Broad axe         |       |       |       |    37 |       ||    37
Throw: Dart              |     6 |    16 |       |    10 |     3 ||    35
 Cast: Magic Dart        |    83 |   139 |    84 |   288 |     5 ||   599
       Searing Ray       |       |    20 |    16 |    98 |       ||   134
       Dazzling Flash    |       |     1 |     1 |       |       ||     2
       Iskenderun's Myst |       |       |    20 |    42 |       ||    62
       Fulminant Prism   |       |       |    13 |    25 |       ||    38
       Iskenderun's Batt |       |       |       |    52 |       ||    52
Invok: Wall of Briars    |       |       |       |     6 |       ||     6
Evoke: Wand              |       |       |       |     7 |       ||     7
  Use: Scroll            |       |       |    11 |    16 |       ||    27
       Potion            |       |       |     2 |     1 |     1 ||     4
Armor: Robe              |    10 |    22 |     8 |    72 |       ||   112
Dodge: Dodged            |    13 |    63 |    10 |   190 |     3 ||   279

Table legend: (Time is in decaauts)
 A = Elapsed time spent in this place.
 B = Non-inter-level travel time spent in this place.
 C = Inter-level travel time spent in this place.
 D = Time resting spent in this place.
 E = Time spent auto-exploring this place.
 F = Levels seen in this place.
 G = Mean time per level.
                   A        B        C        D        E       F      G
               +--------+--------+--------+--------+--------+-----+--------+
         Total |  21620 |  20456 |   1164 |   2273 |  15453 |  15 | 1441.3 |
       Dungeon |  16989 |  15961 |   1028 |   1823 |  12079 |  11 | 1544.5 |
          Lair |   3705 |   3569 |    136 |    450 |   2617 |   3 | 1235.0 |
       Ossuary |    925 |    925 |      0 |      0 |    757 |   1 |  925.0 |
               +--------+--------+--------+--------+--------+-----+--------+

Top non-repeatable levels by time:
     D:9: 2226 daAuts
    D:11: 2151 daAuts
     D:6: 2039 daAuts
  Lair:2: 1930 daAuts
     D:2: 1528 daAuts
    D:10: 1527 daAuts
     D:7: 1431 daAuts
     D:4: 1421 daAuts
     D:3: 1293 daAuts
     D:8: 1232 daAuts
     D:5: 1130 daAuts
  Lair:1: 1070 daAuts
     D:1: 1007 daAuts
 Ossuary: 925 daAuts
  Lair:3: 704 daAuts
